 Dungeon Crawl Stone Soup version 0.31.0-12-g77e489cdc1 (webtiles) character file.

Game seed: 4961019331675726580

2002 Balder the Slasher (level 9, -8/73 (75) HPs)
             Began as a Minotaur Fighter on Feb 20, 2024.
             Was a Believer of Okawaru.
             Mangled by a two-headed ogre
             ... wielding a +0 giant club
              (24 damage)
             ... on level 7 of the Dungeon.
             The game lasted 00:27:54 (5490 turns).

Balder the Slasher (Minotaur Fighter)               Turns: 5490, Time: 00:27:54

HP:   -8/73 (75)    AC: 12    Str: 20    XL:     9   Next: 2%
MP:   0/8           EV:  6    Int:  5    God:    Okawaru [**....]
Gold: 357           SH: 10    Dex: 15    Spells: 8/8 levels left

rFire   . . .        a - +2 falchion (drain)
rCold   . . .        v - +0 kite shield
rNeg    . . .        B - +0 plate armour
rPois   .            (helmet restricted)
rElec   .            (no cloak)
rCorr   +            (no gloves)
SInv    .            (no boots)
Will    .....        z - amulet of guardian spirit Stlth
                     h - ring of resist corrosion
HPRegen 0.32/turn    (no ring)
MPRegen 0.11/turn

%: guardian spirit
@: lightly drained
A: horns 2, retaliatory headbutt
a: Renounce Religion, Heroism


You were on level 7 of the Dungeon.
You worshipped Okawaru.
Okawaru was pleased with you.
You visited 2 branches of the dungeon, and saw 9 of its levels.

You collected 383 gold pieces.
You spent 26 gold pieces at shops.

Inventory:

Hand Weapons
 a - a +2 falchion of draining (weapon)
 b - a +2 dagger of venom
 c - a +5 spear of venom
Missiles
 e - 10 boomerangs (quivered)
 f - 6 javelins
 n - 15 poisoned darts
 t - a throwing net
Armour
 i - a +1 chain mail
 v - a +0 kite shield (worn)
 y - a +4 ring mail
 B - a +0 plate armour (worn)
Jewellery
 h - a ring of resist corrosion (left hand)
 z - an amulet of guardian spirit (around neck)
Wands
 m - a wand of digging (8)
 o - a wand of paralysis (9)
 r - a wand of light (13)
Scrolls
 g - a scroll of vulnerability {unknown}
 j - 6 scrolls of teleportation
 s - 4 scrolls of revelation {unknown}
 w - 2 scrolls of poison
 x - 2 scrolls of torment {unknown}
 A - a scroll of enchant weapon {unknown}
Potions
 d - 5 potions of curing
 k - a potion of heal wounds
 l - 3 potions of haste
 p - 2 potions of invisibility {unknown}
 q - 3 potions of mutation
 u - a potion of might


   Skills:
 * Level 5.7 Fighting
 * Level 4.0(5.8) Short Blades
 * Level 7.2(7.8) Long Blades
 * Level 3.6 Polearms
 * Level 3.0 Throwing
 * Level 6.0 Armour
 * Level 3.9 Dodging
 * Level 2.6 Stealth
 * Level 5.6 Shields


You had 8 spell levels left.
You didn't know any spells.
Your spell library contained the following spells:

 Spells                   Type           Power      Damage    Failure   Level
 Sigil of Binding         Hex            0%         N/A       100%        3
 Brom's Barrelling Bould  Conj/Erth      0%         2d3       100%        4
 Dimensional Bullseye     Hex/Tloc       0%         N/A       100%        4
 Alistair's Intoxication  Alch           0%         N/A       100%        5
 Borgnjor's Vile Clutch   Necr/Erth      0%         N/A       100%        5
 Fireball                 Conj/Fire      0%         3d3       100%        5
 Iskenderun's Battlesphe  Conj           0%         2d6       100%        5
 Conjure Ball Lightning   Conj/Air       0%         3x3d6     100%        6
 Eringya's Noxious Bog    Alch           0%         4d6       100%        6
 Orb of Destruction       Conj           0%         9d5       100%        7
 Call Canine Familiar     Summ           Unusable   N/A       N/A         3

Dungeon Overview and Level Annotations

Branches:
Dungeon (8/15)             Temple (1/1) D:4
   Lair: D:8-11

Altars:
Cheibriados
Dithmenos
Elyvilon
Fedhas
Gozag
Hepliaklqana
Kikubaaqudgha
Makhleb
Nemelex Xobeh
Okawaru
Ru
Sif Muna
Uskayaw
Vehumet
Yredelemnul
The Shining One

Shops:
D:1 :   D:4 (   D:7 ?

Annotations:
D:3 2 transporters, hawla's ghost, amateur MiFi


Innate Abilities, Weirdness & Mutations

You have a pair of horns on your head.
You reflexively headbutt those who attack you in melee.


Message History

Your +2 dagger of venom stops dripping with poison.
You sense an unholy aura.
a - a +2 falchion of draining (weapon)
There is a stone staircase leading up here.
Found a stone staircase leading down.
There is a stone staircase leading up here.
You climb upwards.
There is a stone staircase leading down here.
You climb downwards.
The two-headed ogre hits you with a +0 giant club.
The two-headed ogre hits you with a +0 giant spiked club!
You block the wight's attack. x2
The wight hits you with a +0 short sword!
There is a stone staircase leading up, spattered with blood here.
You block the two-headed ogre's attack. The two-headed ogre barely misses you.
The wight barely misses you. You block the wight's attack.
You climb upwards.
There is a stone staircase leading down here.
You closely miss the wight. Your headbutt misses the wight.
The two-headed ogre hits you with a +0 giant club!!
* * * LOW HITPOINT WARNING * * *
You block the two-headed ogre's attack. The wight hits you with a +2 mace!
* * * LOW HITPOINT WARNING * * *
You feel drained.
* * * LOW HITPOINT WARNING * * *
The wight hits you with a +0 short sword.
* * * LOW HITPOINT WARNING * * *
Okay, then.
You feel much better. You block the wight's attack.
The wight hits you with a +2 mace!
You hit the wight.
The wight is lightly damaged.
The two-headed ogre hits you with a +0 giant club!
* * * LOW HITPOINT WARNING * * *
You block the two-headed ogre's attack. The wight hits you but does no damage.
The wight completely misses you. You furiously retaliate!
You headbutt the wight!
The two-headed ogre attacks as it pursues you!
The two-headed ogre hits you with a +0 giant club!!
You die...

#........#.#.#.#
##..#.##.#.#.#.#
##.#..#.#.#.#.#
#....#.#.#.#.#
####.....#...#
#....###...#
#..z.###.♣.#
#.#Oz.<#.♣.#
#...@###.♣.#
####...#.♣.#
###.#...#
#.....# ##...##
#####


You could see a two-headed ogre and 2 wights.

Vanquished Creatures
  A sky beast (D:7)
  An orc warrior (D:7)
  A black bear (D:6)
  An ice beast (D:6)
  2 ogres
  2 centaurs
  2 phantoms
  A kobold brigand (D:6)
  A bullfrog (D:6)
  2 gnoll sergeants (D:6)
  A scorpion (D:3)
  A howler monkey (D:5)
  2 bombardier beetles (D:5)
  A quasit (D:5)
  3 hounds
  A jelly (D:6)
  3 sleepcaps
  Natasha (thrice) (D:3)
  3 orc wizards (D:7)
  Robin (D:3)
  10 gnolls
  9 adders
  2 shadow imps (D:7)
  2 white imps (D:6)
  3 dart slugs
  A ribbon worm (D:4)
  16 orcs
  3 ball pythons
  6 endoplasms
  3 giant cockroaches
  9 hobgoblins
  4 jackals
  13 kobolds
  10 quokkas
  7 bats
  4 frilled lizards
  13 goblins
  A goblin skeleton (D:5)
  A goblin zombie (D:5)
  3 hobgoblin zombies (D:5)
  2 kobold zombies (D:5)
  An orc skeleton (D:5)
  7 rats
  A spectral kobold (D:6)
164 creatures vanquished.

Notes
Turn   | Place    | Note
-------+----------+-------------------------------------------
     0 | D:1      | Balder the Minotaur Fighter began the quest for the Orb.
     0 | D:1      | Reached XP level 1. HP: 19/19 MP: 0/0
   106 | D:1      | Found Doegomot's Book Shoppe.
   145 | D:1      | Reached XP level 2. HP: 23/27 MP: 1/1
   302 | D:1      | Found a faded altar of an unknown god.
   829 | D:2      | Reached skill level 3 in Long Blades
   829 | D:2      | Reached XP level 3. HP: 20/33 MP: 2/2
  1440 | D:3      | Noticed Robin
  1447 | D:3      | Reached skill level 1 in Dodging
  1461 | D:3      | Reached XP level 4. HP: 34/40 MP: 3/3
  1464 | D:3      | Reached skill level 1 in Throwing
  1465 | D:3      | Reached skill level 1 in Short Blades
  1476 | D:3      | Killed Robin
  1534 | D:3      | Noticed hawla's ghost (amateur MiFi)
  1540 | D:3      | Found a transporter.
  1543 | D:3      | Noticed Natasha
  1550 | D:3      | Killed Natasha
  1609 | D:3      | Reached XP level 5. HP: 45/46 MP: 4/4
  1639 | D:3      | Noticed Natasha
  1696 | D:3      | Reached skill level 4 in Long Blades
  1727 | D:3      | Killed Natasha
  1791 | D:3      | Found a transporter.
  1817 | D:3      | Noticed Natasha
  1826 | D:3      | Killed Natasha
  1952 | D:3      | Reached skill level 1 in Polearms
  1952 | D:3      | Reached XP level 6. HP: 33/52 MP: 5/5
  2063 | D:4      | Reached skill level 1 in Stealth
  2258 | D:4      | Found a burning altar of Makhleb.
  2263 | D:4      | Identified the +2 robe of Arobadoi {Int+2}
  2269 | D:4      | Found a sacrificial altar of Ru.
  2363 | D:4      | Found a staircase to the Ecumenical Temple.
  2370 | Temple   | Entered the Ecumenical Temple
  2423 | Temple   | Became a worshipper of Warmaster Okawaru
  2692 | D:4      | Found Deusk's Weapon Emporium.
  2816 | D:4      | Reached XP level 7. HP: 59/60 MP: 6/6
  2943 | D:5      | Entered Level 5 of the Dungeon
  3003 | D:5      | Found a glowing golden altar of the Shining One.
  3110 | D:5      | Reached skill level 5 in Armour
  3257 | D:5      | Reached skill level 5 in Long Blades
  3939 | D:5      | Found a blossoming altar of Fedhas.
  3962 | D:6      | Reached * piety under Okawaru
  3963 | D:6      | Reached skill level 5 in Fighting
  3963 | D:6      | Reached skill level 5 in Shields
  3981 | D:6      | Reached XP level 8. HP: 29/68 MP: 7/7
  4097 | D:6      | Reached skill level 6 in Long Blades
  4161 | D:6      | Reached ** piety under Okawaru
  4422 | D:6      | Found a hazy altar of Hepliaklqana.
  4881 | D:6      | Reached skill level 7 in Long Blades
  5034 | D:7      | Found a basalt altar of Yredelemnul.
  5056 | D:7      | Found a hide-covered altar of Uskayaw.
  5112 | D:7      | Found Rueg's Magic Scroll Shop.
  5120 | D:7      | Bought a scroll of identify for 26 gold pieces
  5244 | D:7      | Reached XP level 9. HP: 63/75 MP: 8/8
  5288 | D:7      | Found an ancient bone altar of Kikubaaqudgha.
  5476 | D:8      | Noticed a two-headed ogre
  5490 | D:7      | Mangled by a two-headed ogre

Illustrated notes

Levels and vault maps discovered:
D:1:      lemuel_arrival_behind_the_door_large, layout_loops_ring, serial_shops,
          nicolae_book_shop_shelving, shapermc_ecumenical_altar_notcrosses,
          serial_park_tiny_1, minmay_misc_feat_rows, minmay_tetromino_i4
D:2:      kb_forest_paths, layout_rooms, item_on_display_a
D:3:      layout_rooms, gammafunk_ghost_arena, uniq_natasha, uniq_robin
D:4:      layout_rooms, nicolae_ru_sacrificial_ziggurat, bloody_makhleb,
          temple_green, serial_shops, nicolae_shop_bloodbath_and_beyond
D:5:      layout_basic, marbit_many_paths, nicolae_tso_besieged_by_evil
D:6:      layout_loops_cross, nicolae_hepliaklqana_monster_ancestors
D:7:      layout_basic, nicolae_uskayaw_murder_on_the_dancefloor,
          kiku_gazebo_pond_becter, mainiacjoe_overflow_boulevard, serial_shops,
          shop
D:8:      layout_cave_pools, minitemple, nicolae_overflow_hidden_temple,
          minmay_unpleasant_kobolds
Temple:   hellmonk_temple_beads

Skill      XL: |  1  2  3  4  5  6  7  8 |
---------------+-------------------------+-----
Fighting       | 4 5 |  5.7
Long Blades    | 3 4 5 7 |  7.2
Armour         | 4 5 6 |  6.0
Dodging        | 1 2 3 |  3.9
Shields        | 4 5 |  5.6
Throwing       | 1 2 3 |  3.0
Short Blades   | 1 2 3 4 |  4.0
Polearms       | 1 2 3 |  3.6
Stealth        | 1 2 |  2.6

Action                     |  1- 3 |  4- 6 |  7- 9 || total
---------------------------+-------+-------+-------++-------
  Melee: Long sword        |   113 |    95 |       ||   208
         Headbutt          |    14 |    28 |    37 ||    79
         Spear             |       |    39 |    14 ||    53
         Falchion          |       |    17 |   164 ||   181
         Dagger            |       |       |    34 ||    34
  Throw: Boomerang         |       |    21 |     2 ||    23
 Invoke: Heroism           |       |       |     1 ||     1
  Evoke: Wand              |       |     3 |     1 ||     4
    Use: Potion            |       |     1 |     2 ||     3
         Scroll            |       |     1 |     7 ||     8
   Stab: Paralysed         |       |     6 |       ||     6
 Armour: Scale mail        |    34 |       |       ||    34
         Chain mail        |    29 |   108 |   107 ||   244
         Ring mail         |       |       |    56 ||    56
         Plate armour      |       |       |    11 ||    11
  Dodge: Dodged            |    57 |    61 |    93 ||   211
  Block: Buckler           |    29 |    31 |    29 ||    89
         Kite shield       |       |       |    46 ||    46
